 Dungeon Crawl Stone Soup version 0.28.0-62-gf88900778d (webtiles) character file.

Game seed: 3977449409714015421

3431 tkbsonic5 the Digger (level 10, -7/73 HPs)
             Began as a Human Earth Elementalist on Aug 27, 2023.
             Was a Believer of Uskayaw.
             Mangled by an orc warrior
             ... wielding a +0 halberd
              (13 damage)
             ... on level 8 of the Dungeon.
             The game lasted 00:28:24 (9112 turns).

tkbsonic5 the Digger (Human Earth Elementalist)     Turns: 9112, Time: 00:28:25

Health: -7/73      AC: 13    Str: 11    XL:     10   Next: 25%
Magic:  1/16       EV: 15    Int: 18    God:    Uskayaw [**....]
Gold:   417        SH:  0    Dex: 13    Spells: 8/17 levels left

rFire   + . .      SeeInvis .   m - +7 Throatcutter {drain, coup de grace, (8+++,17+++) FleshOfMyFlesh}
rCold   . . .      Faith    .   (no shield)
rNeg    . . .      Spirit   .   n - +2 ring mail {rF+}
rPois   .          Reflect  .   a - +0 helmet
rElec   .          Harm     .   (no cloak)
rCorr   .          Rampage  .   y - +0 pair of gloves
Will    .....                   t - +2 pair of boots
Stlth   +.........              C - amulet of the acrobat {homegirl sandfan}
HPRegen 0.22/turn               d - +4 ring of evasion
MPRegen 0.15/turn               (no ring)

@: no status effects
A: no striking features
a: Renounce Religion, Stomp, Line Pass


You were on level 8 of the Dungeon.
You worshipped Uskayaw.
Uskayaw was noncommittal.
You visited 1 branch of the dungeon, and saw 8 of its levels.

You collected 490 gold pieces.
You spent 73 gold pieces at shops.

Inventory:

Hand Weapons
 j - a +1 vampiric dagger
 m - the +7 Throatcutter (weapon) {drain, coup de grace, (8+++,17+++) FleshOfMyFlesh}
   (You found it on level 2 of the Dungeon)

   A truly terrible weapon, it drains the life of any living foe it strikes.
   It may instantly kill foes which have little health.
Missiles
 c - 191 stones {StonerRap}
 k - 3 boomerangs
 l - 19 poisoned darts
 u - 11 javelins
 B - a throwing net
Armour
 a - a +0 helmet (worn)
 b - a +0 robe {ponyboy skirt}
 f - a +0 leather armour
 n - a +2 ring mail of fire resistance (worn)
 t - a +2 pair of boots (worn)
 y - a +0 pair of gloves (worn)
Jewellery
 d - a +4 ring of evasion (left hand)
 h - a ring of ice
 i - an amulet of guardian spirit
 C - an amulet of the acrobat (around neck) {homegirl sandfan}
Wands
 A - a wand of paralysis (2)
Scrolls
 e - a scroll of amnesia
 p - 4 scrolls of teleportation
 s - a scroll of fear
Potions
 g - 2 potions of brilliance
 r - 2 potions of magic
 v - a potion of flight {unknown}
 w - a potion of heal wounds {unknown}
 x - a potion of might
 z - a potion of cancellation {unknown}


   Skills:
 * Level 4.9 Fighting
 * Level 4.7 Long Blades
 + Level 1.5 Throwing
 + Level 3.1 Armour
 + Level 4.0 Dodging
 - Level 2.0 Stealth
 + Level 4.1 Spellcasting
 * Level 5.0 Conjurations
 + Level 3.7 Transmutations
 * Level 6.5 Earth Magic
 * Level 5.0 Invocations
 + Level 0.3 Evocations


You had 8 spell levels left.
You knew the following spells:

 Your Spells              Type           Power      Damage    Failure   Level
a - Sandblast             Erth           54%        2d13      2%          1
b - Stone Arrow           Conj/Erth      48%        3d10      10%         3
c - Passwall              Tmut/Erth      18%        N/A       6%          2
d - Wereblood             Tmut           17%        N/A       11%         2
e - Beastly Appendage     Tmut           34%        N/A       7%          1

Your spell library contained the following spells:

 Spells                   Type           Power      Damage    Failure   Level
 Petrify                  Tmut/Erth      22%        N/A       36%         4
 Spider Form              Tmut/Pois      10%        N/A       43%         3
 Mephitic Cloud           Conj/Pois/Air  9%         N/A       45%         3
 Ignite Poison            Fire/Tmut/Pois 8%         N/A       52%         3
 Freezing Cloud           Conj/Ice/Air   4%         6-21      99%         5


Dungeon Overview and Level Annotations

Branches:
Dungeon (8/15)             Temple (0/1) D:7
   Lair: D:8-11

Altars:
Cheibriados
Fedhas
Hepliaklqana
Nemelex Xobeh
Trog
Uskayaw
Yredelemnul

Shops:
D:2 (   D:4 (


Message History

The electric eel shoots out a bolt of lightning at you!
The bolt of electricity hits you!
The stone arrow hits the electric eel!
You kill the electric eel!
You hear a splash.
You can now pass through a line of other dancers.
Your Conjurations skill increases to level 5!
Your Invocations skill increases to level 5!
The stone arrow hits the electric eel!
The electric eel is almost dead.
The electric eel shoots out a bolt of lightning at you!
The bolt of electricity hits you.
The stone arrow misses the electric eel.
You barely miss the electric eel.
The electric eel is almost dead.
The orc warrior closely misses you.
The electric eel shoots out a bolt of lightning at you!
The bolt of electricity misses you.
You closely miss the electric eel.
The electric eel is almost dead.
The orc warrior closely misses you.
The electric eel shoots out a bolt of lightning at you!
The bolt of electricity hits you.
The orc warrior hits you from afar with a +0 halberd!
You feel better.
The orc warrior hits you from afar with a +0 halberd!!
* * * LOW HITPOINT WARNING * * *
You don't have enough magic to cast this spell.
Casting: Stone Arrow (dangerous; 10% risk of failure)
Confirm with . or Enter, or press ? or * to list all spells.
Aiming: Sandblast (safe; 2% risk of failure)
Press: ? - help, Shift-Dir - straight line, f/p - electric eel
Aim: an electric eel (almost dead, 68% to hit)
The blast of sand misses the electric eel.
c - 191 stones {StonerRap} The electric eel shoots out a bolt of lightning at you!
The bolt of electricity hits you!
* * * LOW HITPOINT WARNING * * *
The orc warrior hits you from afar with a +0 halberd!
You die...

.'................)......+.......
.####...#.#########....###.......
## ##.##.##### ##.#.# ##...... #
#........###############....
#.######.#≈≈≈≈≈≈≈≈≈≈≈o≈#...# #.#
#.#≈≈†≈.....≈≈≈≈##+## #.#
#.#≈≈≈.......≈≈≈ #.# #.#
#)#≈S....♣.o #.## #.#
#.#≈@..♣♣.♣♣ ##... #.#
#)#≈..o♣...♣ #...# ..#
#.)...♣..♣$.♣ #.... ###
###≈...♣...♣.. #...#
#≈...♣♣.♣♣... #..## #≈≈....♣..
.≈≈##.# #≈≈≈....... ≈≈ #.#
#≈≈≈≈.....S #.# #≈≈≈≈≈≈≈≈≈≈ #.#


You could see an orc warrior and an electric eel.

Vanquished Creatures
  A hydra (D:7)
  A two-headed ogre (D:8)
  Sigmund (D:3)
  A wyvern (D:8)
  A water moccasin (D:3)
  A black bear (D:5)
  2 ogres
  2 centaurs
  A kobold brigand (D:7)
  2 scorpions
  A wyvern zombie (D:7)
  A water moccasin zombie (D:6)
  A wyvern skeleton (D:5)
  2 electric eels (D:8)
  A howler monkey (D:5)
  A bullfrog zombie (D:6)
  A centaur zombie (D:8)
  2 hounds
  4 jellies
  4 orc priests
  5 orc wizards
  Natasha (thrice) (D:3)
  4 iguanas
  A killer bee zombie (D:8)
  A hound zombie (D:5)
  A hound skeleton (D:4)
  A howler monkey zombie (D:6)
  4 gnolls
  2 adders (D:2)
  3 ufetubi
  An adder zombie (D:5)
  2 worms (D:2)
  4 dart slugs
  30 orcs
  7 endoplasms
  3 giant cockroaches
  8 goblins
  5 hobgoblins
  6 jackals
  8 quokkas
  6 ball pythons
  4 bats
  3 frilled lizards
  12 kobolds
  3 rats
158 creatures vanquished.

Vanquished Creatures (collateral kills)
  A giant cockroach (D:1)
  A hobgoblin (D:1)
  3 jackals (D:1)
5 creatures vanquished.

Grand Total: 163 creatures vanquished

Notes
Turn   | Place    | Note
-------+----------+-------------------------------------------
     0 | D:1      | tkbsonic5 the Human Earth Elementalist began the quest for
                  | the Orb.
     0 | D:1      | Reached XP level 1. HP: 13/13 MP: 3/3
    43 | D:1      | Reached XP level 2. HP: 17/19 MP: 3/5
   325 | D:2      | Reached XP level 3. HP: 15/24 MP: 4/6
   612 | D:1      | Learned a level 3 spell: Stone Arrow
   785 | D:1      | Found a faded altar of an unknown god.
  1256 | D:2      | Reached XP level 4. HP: 30/30 MP: 4/7
  1459 | D:2      | Reached skill level 1 in Conjurations
  1459 | D:2      | Reached skill level 4 in Earth Magic
  1654 | D:2      | Found Mituta's Weapon Emporium.
  1659 | D:2      | Bought a +0 spear for 36 gold pieces
  1659 | D:2      | Bought 3 boomerangs for 18 gold pieces
  1659 | D:2      | Bought 4 poisoned darts for 19 gold pieces
  1665 | D:2      | Found the +7 Throatcutter {drain, coup de grace}
  1856 | D:3      | Noticed Sigmund
  1871 | D:3      | Killed Sigmund
  1872 | D:3      | Reached skill level 1 in Fighting
  1872 | D:3      | Reached skill level 1 in Long Blades
  1872 | D:3      | Reached XP level 5. HP: 13/37 MP: 7/9
  1872 | D:3      | Reached XP level 6. HP: 15/43 MP: 7/10
  2075 | D:3      | Found a hide-covered altar of Uskayaw.
  2101 | D:3      | Became a worshipper of Uskayaw the Reveller
  2249 | D:3      | Reached * piety under Uskayaw
  2339 | D:3      | Noticed Natasha
  2342 | D:3      | Killed Natasha
  2342 | D:3      | Reached ** piety under Uskayaw
  2343 | D:3      | Reached skill level 1 in Armour
  2720 | D:3      | Noticed Natasha
  2725 | D:3      | Killed Natasha
  2836 | D:3      | Noticed a water moccasin
  2843 | D:3      | Killed a water moccasin
  2843 | D:3      | Reached *** piety under Uskayaw
  2844 | D:3      | Reached skill level 1 in Invocations
  2844 | D:3      | Reached XP level 7. HP: 36/49 MP: 7/11
  3252 | D:3      | Noticed Natasha
  3255 | D:3      | Killed Natasha
  4132 | D:4      | Learned a level 2 spell: Passwall
  4135 | D:4      | Learned a level 2 spell: Wereblood
  4137 | D:4      | Learned a level 1 spell: Beastly Appendage
  4259 | D:4      | Reached XP level 8. HP: 43/57 MP: 12/12
  4450 | D:4      | Found Nuitzomn's Weapon Shoppe.
  4595 | D:4      | Reached skill level 5 in Earth Magic
  4971 | D:4      | Found a hazy altar of Hepliaklqana.
  5015 | D:5      | Entered Level 5 of the Dungeon
  5125 | D:5      | Found a snail-covered altar of Cheibriados.
  5267 | D:5      | Found a sparkling altar of Nemelex Xobeh.
  6436 | D:6      | Reached XP level 9. HP: 55/64 MP: 7/14
  6885 | D:6      | Found a bloodstained altar of Trog.
  7358 | D:7      | Found a staircase to the Ecumenical Temple.
  7615 | D:7      | Noticed a four-headed hydra
  7628 | D:7      | Killed a four-headed hydra
  7628 | D:7      | Reached **** piety under Uskayaw
  7629 | D:7      | Reached skill level 6 in Earth Magic
  8525 | D:8      | Found a blossoming altar of Fedhas.
  8580 | D:8      | Noticed a two-headed ogre
  8587 | D:8      | Killed a two-headed ogre
  8588 | D:8      | Reached skill level 1 in Throwing
  8588 | D:8      | Reached XP level 10. HP: 73/73 MP: 2/16
  8815 | D:8      | Found a basalt altar of Yredelemnul.
  9107 | D:8      | Reached skill level 5 in Conjurations
  9107 | D:8      | Reached skill level 5 in Invocations
  9112 | D:8      | Mangled by an orc warrior

Illustrated notes

Levels and vault maps discovered:
D:1:      ebering_trefoil_3fold, layout_rooms,
          hellmonk_ecumenical_altar_blasted,
          hangedman_abyss_or_decor_lesser_grid
D:2:      layout_rooms, serial_shops, nicolae_shop_hallway_plus
D:3:      minmay_bubble_buster, layout_basic, lemuel_round_altar,
          corexii_corridor_pit, uniq_sigmund, uniq_natasha
D:4:      layout_cave_pools, nicolae_hepliaklqana_hippocampus, serial_shops,
          shop, hangedman_decor_peaks_small
D:5:      kb_forest_paths, layout_basic, nicolae_overflow_crystal_walls,
          kennysheep_slug_shrine, kennysheep_donut
D:6:      layout_loops_ring, trog_hazing_becter
D:7:      layout_cave_pools, minmay_temple_entry_ruins
D:8:      layout_loops_corners, fedhas_ov_isle_minmay, old_standard_altar,
          small_statue_intersection, kennysheep_generic_room_2

Skill      XL: |  1  2  3  4  5  6  7  8  9 10 |
---------------+-------------------------------+-----
Conjurations   | 1 2 3 4 5 |  5.0
Earth Magic    | 4 5 6 |  6.5
Fighting       | 1 2 3 4 |  4.9
Long Blades    | 1 2 3 4 |  4.7
Transmutations | 2 3 |  3.7
Armour         | 1 2 3 |  3.1
Spellcasting   | 3 4 |  4.1
Invocations    | 1 2 3 4 5 |  5.0
Dodging        | 3 4 |  4.0
Throwing       | 1 |  1.5
Stealth        | |  2.0
Evocations     | |  0.3

Action                   |  1- 3 |  4- 6 |  7- 9 | 10-12 || total
-------------------------+-------+-------+-------+-------++-------
Melee: Dagger            |     3 |       |       |       ||     3
       Long sword        |       |    21 |    99 |    20 ||   140
       Punch             |       |       |     1 |       ||     1
Throw: Boomerang         |       |       |     3 |       ||     3
       Javelin           |       |       |     6 |       ||     6
 Cast: Sandblast         |    43 |    29 |    54 |     1 ||   127
       Stone Arrow       |       |       |    50 |    14 ||    64
       Beastly Appendage |       |       |     3 |       ||     3
       Wereblood         |       |       |     1 |       ||     1
Invok: Stomp             |       |       |     2 |       ||     2
Evoke: Wand              |       |       |     2 |     1 ||     3
  Use: Scroll            |     6 |     1 |    12 |     2 ||    21
       Potion            |     2 |     3 |     2 |     1 ||     8
 Stab: Sleeping          |       |     2 |       |       ||     2
       Paralysed         |       |       |     2 |     1 ||     3
Armor: Robe              |     6 |       |       |       ||     6
       Leather armour    |       |     3 |     3 |       ||     6
       Ring mail         |       |       |    39 |     8 ||    47
Dodge: Dodged            |    24 |    26 |   119 |    16 ||   185
